 Dungeon Crawl Stone Soup version 0.30-a0-25-gacc37e2db0 (webtiles) character file.

Game seed: 18435683817455211913

618 Ijustatesigmund the Magician (level 7, 0/40 HPs)
             Began as a Gargoyle Earth Elementalist on Aug 25, 2022.
             Killed by divine providence
             ... invoked by an orc priest
              (14 damage)
             ... on level 4 of the Dungeon.
             The game lasted 00:09:37 (4810 turns).

Ijustatesigmund the Magician (GrEE)                 Turns: 4810, Time: 00:09:38

Health: 0/40       AC:  9    Str: 11    XL:     7   Next: 45%
Magic:  5/14       EV: 11    Int: 18    God:
Gold:   616        SH:  0    Dex: 10    Spells: 9/15 levels left

rFire   . . .      SeeInvis .    d - +0 mace
rCold   . . .      Faith    .    (no shield)
rNeg    + . .      Spirit   .    a - +0 robe
rPois   ∞          Reflect  .    i - +0 helmet
rElec   +          Harm     .    (no cloak)
rCorr   .          Rampage  .    (no gloves)
Will    .....                    k - +1 pair of boots
Stlth   ++........               (no amulet)
HPRegen 0.13/turn                c - +4 ring of slaying
MPRegen 0.14/turn                (no ring)

@: very slightly contaminated
A: sickness immunity, AC +4, negative energy resistance 1, electricity
resistance, torment resistance 1, petrification resistance
a: no special abilities


You were on level 4 of the Dungeon.
You visited 1 branch of the dungeon, and saw 5 of its levels.

You collected 616 gold pieces.

Inventory:

Hand Weapons
 d - a +0 mace (weapon)
Missiles
 h - 3 throwing nets
 r - 3 silver javelins
Armour
 a - a +0 robe (worn)
 i - a +0 helmet (worn)
 k - a +1 pair of boots (worn)
Magical Staves
 e - a staff of poison
Jewellery
 c - a +4 ring of slaying (left hand)
Wands
 o - a wand of flame (26)
 q - a wand of digging (6)
 s - a wand of mindburst (15)
Scrolls
 n - a scroll of teleportation
Potions
 b - a potion of magic
 f - 2 potions of lignification
 g - 4 potions of flight {unknown}
 j - a potion of brilliance
 l - a potion of cancellation {unknown}
 m - a potion of might {unknown}
 p - a potion of degeneration {unknown}


   Skills:
 - Level 2.1 Fighting
 + Level 2.3 Maces & Flails
 - Level 1.5 Dodging
 - Level 2.1 Stealth
 + Level 4.9 Spellcasting
 + Level 4.6 Conjurations
 - Level 0.7 Transmutations
 - Level 4.4 Earth Magic


You had 9 spell levels left.
You knew the following spells:

 Your Spells              Type           Power      Damage    Failure   Level
a - Sandblast             Erth           40%        2d10      2%          1
b - Stone Arrow           Conj/Erth      40%        3d9       6%          3
c - Passwall              Tmut/Erth      10%        N/A       7%          2

Your spell library contained the following spells:

 Spells                   Type           Power      Damage    Failure   Level
 Freeze                   Ice            16%        1d4       14%         1
 Petrify                  Tmut/Erth      13%        N/A       43%         4
 Leda's Liquefaction      Hex/Erth       6%         N/A       47%         4
 Polar Vortex             Ice            2%         N/A       100%        9


Dungeon Overview and Level Annotations

Branches:
Dungeon (5/15)
 Temple: D:4-7

Altars:
Cheibriados
Nemelex Xobeh
Ru

Shops:
D:4 [


Innate Abilities, Weirdness & Mutations

You are immune to sickness and miasma.
Your stone body is resilient. (AC +4)
You are immune to poison.
You resist negative energy. (rN+)
You are resistant to electric shocks. (rElec)
You are resistant to unholy torment.
You are immune to petrification.


Message History

Magic restored.
You start resting.
HP restored.
You start waiting.
Done waiting.
You climb downwards.
The orc priest invokes the aid of Beogh against you.
Beogh smites you!
There is a stone staircase leading up here.
Casting: Sandblast (safe; 2% risk of failure)
Confirm with . or Enter, or press ? or * to list all spells.
Aiming: Stone Arrow (dangerous; 6% risk of failure)
Press: ? - help, Shift-Dir - straight line, f - orc priest
Aim: an orc priest, wielding a +0 dagger (71% to hit)
The stone arrow hits the orc priest!
The orc priest is severely wounded.
The orc priest looks braver for a moment.
Casting: Stone Arrow (dangerous; 6% risk of failure)
Confirm with . or Enter, or press ? or * to list all spells.
Aiming: Stone Arrow (dangerous; 6% risk of failure)
Press: ? - help, Shift-Dir - straight line, f/p - orc priest
Aim: an orc priest, wielding a +0 dagger (severely wounded, 71% to hit)
The stone arrow misses the orc priest.
The orc priest invokes the aid of Beogh against you.
Pain shoots through your body!
The orc priest invokes the aid of Beogh against you.
Beogh smites you!
You climb upwards.
There is a stone staircase leading down here.
Casting: Stone Arrow (dangerous; 6% risk of failure)
Confirm with . or Enter, or press ? or * to list all spells.
Aiming: Stone Arrow (dangerous; 6% risk of failure)
Press: ? - help, Shift-Dir - straight line, f - orc priest
Aim: an orc priest, wielding a +0 dagger (severely wounded, 71% to hit)
You miscast Stone Arrow.
You are very lightly contaminated with residual magic.
Sand pours from your hands.
The orc priest mumbles some strange prayers to Beogh against you.
Beogh smites you!
You die...

÷.....#...........##..#
......#...........#..##
......#........##.....#
......#.......##....###
#######.....###.....#
.............##....##
...#..............#.#
.#.......#........#.###
##............(.@.....#
#.........#.....o....##
..##........#.......##
........#..######..##
........#.## ####
#..........##
...##.......#
..(........##
.....##.#.####


You could see an orc priest.

Vanquished Creatures
  An ogre (D:4)
  2 phantoms (D:4)
  A necrophage (D:4)
  3 hounds (D:4)
  Natasha (twice) (D:2)
  2 orc wizards (D:2)
  3 adders
  2 worms
  2 dart slugs (D:1)
  2 orcs
  17 ball pythons
  9 endoplasms
  4 giant cockroaches
  9 hobgoblins
  2 jackals (D:3)
  7 quokkas
  8 bats
  2 frilled lizards
  4 goblins
  13 kobolds
  2 rats
97 creatures vanquished.

Notes
Turn   | Place    | Note
-------+----------+-------------------------------------------
     0 | D:1      | Ijustatesigmund the Gargoyle Earth Elementalist began the
                  | quest for the Orb.
     0 | D:1      | Reached XP level 1. HP: 10/10 MP: 3/3
   217 | D:1      | Reached XP level 2. HP: 12/15 MP: 1/5
   363 | D:1      | Found a faded altar of an unknown god.
   724 | D:1      | Reached XP level 3. HP: 19/19 MP: 4/6
   842 | D:1      | Learned a level 3 spell: Stone Arrow
   845 | D:1      | Learned a level 2 spell: Passwall
  1315 | D:2      | Reached skill level 1 in Conjurations
  1336 | D:2      | Got the Guide on Vexing Snow
  1510 | D:2      | Reached XP level 4. HP: 24/24 MP: 5/8
  1725 | D:2      | Noticed Natasha
  1739 | D:2      | Killed Natasha
  1740 | D:2      | Reached XP level 5. HP: 15/28 MP: 6/10
  2202 | D:2      | Noticed Natasha
  2207 | D:2      | Killed Natasha
  2565 | D:3      | Found a sparkling altar of Nemelex Xobeh.
  2604 | D:3      | Reached skill level 1 in Fighting
  2753 | D:3      | Found a snail-covered altar of Cheibriados.
  3152 | D:3      | Found a sacrificial altar of Ru.
  3357 | D:4      | Reached XP level 6. HP: 34/34 MP: 5/12
  3601 | D:4      | Found Uloluh's Armour Boutique.
  3708 | D:4      | Reached skill level 1 in Maces & Flails
  3849 | D:4      | Reached XP level 7. HP: 40/40 MP: 6/13
  4467 | D:5      | Entered Level 5 of the Dungeon
  4810 | D:4      | Killed from afar by an orc priest

Illustrated notes

Levels and vault maps discovered:
D:1:      lightli_arrival_maybe_door_vault, layout_basic,
          hellmonk_ecumenical_altar_leap_of_faith, skrybe_limestone_x,
          st_stairs_1, minmay_tripent
D:2:      layout_loops_ring, uniq_natasha
D:3:      layout_loops_ring, lemuel_round_altar, mainiacjoe_overflow_24_doors,
          mainiacjoe_overflow_tiny_flanked, minmay_statues_item,
          corexii_leaking_fountain
D:4:      minmay_polygon_palace, layout_cave_pools, serial_shops,
          nicolae_shop_stone
D:5:      layout_rooms

Skill      XL: |  1  2  3  4  5  6  7 |
---------------+----------------------+-----
Earth Magic    | 4 |  4.4
Conjurations   | 1 2 3 4 |  4.6
Spellcasting   | 3 4 |  4.9
Fighting       | 1 2 |  2.1
Maces & Flails | 1 2 |  2.3
Dodging        | |  1.5
Stealth        | |  2.1
Transmutations | |  0.7

Action                   |  1- 3 |  4- 6 |  7- 9 || total
-------------------------+-------+-------+-------++-------
Melee: Unarmed           |     5 |       |       ||     5
       Punch             |     1 |     1 |       ||     2
       Short sword       |     2 |       |       ||     2
       Mace              |       |    38 |    19 ||    57
 Cast: Sandblast         |    45 |    46 |    14 ||   105
       Stone Arrow       |       |    12 |    10 ||    22
  Use: Potion            |       |     2 |       ||     2
       Scroll            |       |     6 |       ||     6
Armor: Robe              |     9 |    32 |    14 ||    55
Dodge: Dodged            |    10 |    29 |    31 ||    70

Table legend: (Time is in decaauts)
 A = Elapsed time spent in this place.
 B = Non-inter-level travel time spent in this place.
 C = Inter-level travel time spent in this place.
 D = Time resting spent in this place.
 E = Time spent auto-exploring this place.
 F = Levels seen in this place.
 G = Mean time per level.
                   A        B        C        D        E       F      G
               +--------+--------+--------+--------+--------+-----+--------+
         Total |   4892 |   4781 |    111 |    957 |   3142 |   5 |  978.4 |
       Dungeon |   4892 |   4781 |    111 |    957 |   3142 |   5 |  978.4 |
               +--------+--------+--------+--------+--------+-----+--------+

Top non-repeatable levels by time:
     D:4: 1523 daAuts
     D:1: 1280 daAuts
     D:2: 1057 daAuts
     D:3: 1006 daAuts
     D:5: 25 daAuts
